 Dungeon Crawl Stone Soup version 0.28.0-53-g5a82cb258f (webtiles) character file.

Game seed: 5776681048283255080

2 Groucho the Chiller (level 1, -1/7 HPs)
             Began as a Felid Ice Elementalist on July 19, 2022.
             Slain by a hobgoblin (4 damage)
             ... on level 1 of the Dungeon.
             The game lasted 00:00:46 (36 turns).

Groucho the Chiller (Felid Ice Elementalist)          Turns: 36, Time: 00:00:47

Health: -1/7       AC:  1    Str:  4    XL:     1   Next: 33%
Magic:  2/4        EV: 17    Int: 16    God:
Gold:   0          SH:  0    Dex: 16    Spells: 3/4 levels left
                                        Lives:  0   Deaths: 0

rFire   . . .      SeeInvis +   (weapon unavailable)
rCold   . . .      Faith    .   (shield unavailable)
rNeg    . . .      Spirit   .   (armour unavailable)
rPois   .          Reflect  .   (helmet unavailable)
rElec   .          Harm     .   (cloak unavailable)
rCorr   .          Rampage  .   (gloves unavailable)
Will    .....                   (boots unavailable)
Stlth   ++........              (no amulet)
HPRegen 0.02/turn               (no ring)
MPRegen 0.09/turn               (no ring)

@: quick
A: very small, claws 1, fangs 3, see invisible, speed 1, shaggy fur 1, stealthy
paws, no weapons or thrown items, no armour, multi-lived
a: no special abilities


You were on level 1 of the Dungeon.
You visited 1 branch of the dungeon, and saw 1 of its levels.

You aren't carrying anything.


   Skills:
 - Level 2.6 Dodging
 * Level 2.9 Stealth
 + Level 2.0 Spellcasting
 + Level 3.6 Ice Magic


You had 3 spell levels left.
You knew the following spells:

 Your Spells              Type           Power      Damage    Failure   Level
a - Freeze                Ice            52%        1d7       4%          1

Your spell library contained the following spells:

 Spells                   Type           Power      Damage    Failure   Level
 Frozen Ramparts          Ice            26%        1d4       14%         3
 Ozocubu's Armour         Ice            13%        N/A       14%         3
 Hailstorm                Conj/Ice       7%         3d4       67%         4


Dungeon Overview and Level Annotations

Branches:
Dungeon (1/15)

Altars:


Innate Abilities, Weirdness & Mutations

You have sharp claws.
You have razor-sharp teeth.
You have supernaturally acute eyesight. (SInv)
You cover ground quickly. (Speed+)
You are covered in fur. (AC +1)
Your paws help you pounce on unaware monsters.
You are incapable of wielding weapons or throwing items.
You cannot wear armour.
You gain extra lives every three experience levels.


Message History

A quokka comes into view.
A hobgoblin comes into view.
You see here a scroll labelled JOINUT LUCK.
The hobgoblin shouts!
You scratch the hobgoblin.
The hobgoblin is heavily wounded.
The hobgoblin hits you.
You scratch the hobgoblin.
The hobgoblin is almost dead.
The quokka completely misses you. The hobgoblin completely misses you.
You scratch the hobgoblin but do no damage.
The hobgoblin is almost dead.
The quokka barely misses you. The hobgoblin closely misses you.
The quokka completely misses you.
You barely miss the hobgoblin.
The hobgoblin is almost dead.
The hobgoblin misses you. The quokka misses you.
You scratch the hobgoblin.
You kill the hobgoblin!
The quokka completely misses you.
You closely miss the quokka. The quokka bites you.
You are too injured to fight recklessly!
Casting: Freeze (safe; 4% risk of failure)
Confirm with . or Enter, or press ? or * to list all spells.
Aiming: Freeze (safe; 4% risk of failure)
Press: ? - help, Shift-Dir - straight line, f - quokka
Aim: a quokka You freeze the quokka.
The quokka is moderately wounded.
The quokka closely misses you.
You are too injured to fight recklessly!
Casting: Freeze (safe; 4% risk of failure)
Confirm with . or Enter, or press ? or * to list all spells.
Aiming: Freeze (safe; 4% risk of failure)
Press: ? - help, Shift-Dir - straight line, f/p - quokka
Aim: a quokka You freeze the quokka.
You kill the quokka!
The hobgoblin hits you.
Ouch! That really hurt!
You die...

#.#.# #.#.#
############ #+ #.#.#
#..........# ... #.#.#
#..........# #... #[#.#
#..........# #....
#.#.#
#..........#......
#.#.###...†......#)...#
§.#...'.............#
...####.........@.###
§..# #........?.g..#
...# #..........$....#
...# #...........###...
<>.# #.............# #.
#### #...............
###########......
.....# ...###


You could see a hobgoblin.

Vanquished Creatures
  A giant cockroach (D:1)
  A hobgoblin (D:1)
  A quokka (D:1)
3 creatures vanquished.

Notes
Turn   | Place    | Note
-------+----------+-------------------------------------------
     0 | D:1      | Groucho the Felid Ice Elementalist began the quest for the
                  | Orb.
     0 | D:1      | Reached XP level 1. HP: 7/7 MP: 4/4
    36 | D:1      | Slain by a hobgoblin

Illustrated notes

Levels and vault maps discovered:
D:1:      dpeg_arrival_fog, layout_basic, basic_ecumenical_altar, minmay_unequal

Action                   || total
-------------------------++-------
Melee: Unarmed           ||     8
       Bite              ||     1
 Cast: Freeze            ||     2
 Stab: Sleeping          ||     1
Dodge: Dodged            ||    10
